 Dungeon Crawl Stone Soup version 0.29-a0-902-g0f71de6fce (webtiles) character file.

Game seed: 3913085555798163466

9440 Majang the Grappler (level 11, -19/93 HPs)
             Began as a Naga Ice Elementalist on July 23, 2022.
             Was an Elder of Cheibriados.
             Demolished by a centaur warrior simulacrum (22 damage)
             ... on level 10 of the Dungeon on July 24, 2022.
             The game lasted 01:01:02 (8120 turns).

Majang the Grappler (Naga Ice Elementalist)         Turns: 8120, Time: 01:01:03

Health: -19/93     AC: 11    Str: 22    XL:     11   Next: 46%
Magic:  28/28      EV: 12    Int: 35    God:    Cheibriados [****..]
Gold:   485        SH:  0    Dex: 21    Spells: 8/21 levels left

rFire   . . .      SeeInvis +   v - +2 demon blade (elec)
rCold   . . .      Faith    .   (no shield)
rNeg    . . .      Spirit   .   N - +1 robe {Will+}
rPois   +          Reflect  .   g - +2 helmet
rElec   .          Harm     .   y - +1 cloak
rCorr   .          Rampage  .   n - +0 pair of gloves
Will    ++...                   (no barding)
Stlth   +++.......              l - amulet of regeneration
HPRegen 1.05/turn               e - ring of magical power
MPRegen 0.21/turn               E - +6 ring of intelligence

@: very slow
A: AC +3, large, see invisible, deformed body, poison resistance, slowness 2,
spit poison 1, naga tail 1
a: Spit Poison, Renounce Religion, Bend Time, Temporal Distortion, Slouch


You were on level 10 of the Dungeon.
You worshipped Cheibriados.
Cheibriados was greatly pleased with you.
You visited 2 branches of the dungeon, and saw 11 of its levels.
You also visited: Sewer.

You collected 485 gold pieces.

Inventory:

Hand Weapons
 v - a +2 demon blade of electrocution (weapon)
 w - a +2 long sword of flaming
 x - a +4 quarterstaff of chaos
Armour
 g - a +2 helmet (worn)
 n - a +0 pair of gloves (worn)
 y - a +1 cloak (worn)
 A - a +2 robe of cold resistance
 N - a +1 robe of willpower (worn)
Magical Staves
 p - a staff of earth
 G - a staff of cold
Jewellery
 e - a ring of magical power (left hand)
 l - an amulet of regeneration (around neck)
 q - an amulet of reflection
 C - a ring of protection from cold
 E - a +6 ring of intelligence (right hand)
Wands
 H - a wand of light (9)
 L - a wand of paralysis (4)
Scrolls
 c - 2 scrolls of enchant armour
 d - a scroll of immolation
 f - 3 scrolls of fear
 m - 2 scrolls of identify
 o - 8 scrolls of teleportation
 t - 3 scrolls of amnesia
 D - a scroll of blinking
 F - a scroll of butterflies
 K - a scroll of torment {unknown}
Potions
 a - a potion of lignification {unknown}
 b - 2 potions of magic
 h - 7 potions of curing
 i - 6 potions of attraction
 j - 4 potions of flight
 k - 2 potions of haste {unknown}
 r - a potion of brilliance
 s - a potion of invisibility
 u - 2 potions of might
 z - 5 potions of heal wounds
 I - a potion of ambrosia {unknown}
 J - 2 potions of mutation {unknown}
 M - a potion of resistance {unknown}


   Skills:
 + Level 4.6 Fighting
 + Level 4.3 Dodging
 - Level 3.0 Stealth
 * Level 8.3 Unarmed Combat
 + Level 5.7 Spellcasting
 * Level 8.2 Transmutations
 + Level 7.1 Ice Magic
 + Level 5.6 Earth Magic
 + Level 5.1 Invocations


You had 8 spell levels left.
You knew the following spells:

 Your Spells              Type           Power      Damage    Failure   Level
a - Ozocubu's Armour      Ice            56%        N/A       1%          3
b - Sandblast             Erth           98%        2d20      1%          1
c - Lesser Beckoning      Tloc           10%        N/A       12%         3
r - Frozen Ramparts       Ice            100%       1d12      1%          3
w - Passwall              Tmut/Erth      45%        N/A       1%          2
y - Apportation           Tloc           20%        N/A       3%          1

Your spell library contained the following spells:

 Spells                   Type           Power      Damage    Failure   Level
 Freeze                   Ice            100%       1d11      1%          1
 Necrotise                Necr           40%        1d6       3%          1
 Summon Small Mammal      Summ           40%        N/A       3%          1
 Ignite Poison            Fire/Tmut/Pois 29%        N/A       3%          3
 Stone Arrow              Conj/Erth      58%        3d10      3%          3
 Hailstorm                Conj/Ice       35%        3d9       9%          4
 Gell's Gravitas          Tloc           10%        N/A       12%         3
 Mephitic Cloud           Conj/Pois/Air  10%        N/A       12%         3
 Teleport Other           Tloc           10%        N/A       12%         3
 Flame Wave               Conj/Fire      10%        2d5       36%         4
 Sticky Flame             Conj/Fire      10%        2d3       36%         4
 Freezing Cloud           Conj/Ice/Air   13%        6-21      38%         5
 Fireball                 Conj/Fire      5%         3d5       71%         5
 Malign Gateway           Summ/Tloc      5%         N/A       100%        7
 Summon Horrible Things   Summ           5%         N/A       100%        8


Dungeon Overview and Level Annotations

Branches:
Dungeon (10/15)            Temple (1/1) D:7           Sewer (visited)
   Lair: D:8-11         Orc: D:9-12

Altars:
Ashenzari
Cheibriados
Dithmenos
Elyvilon
Fedhas
Gozag
Hepliaklqana
Kikubaaqudgha
Makhleb
Nemelex Xobeh
Okawaru
Qazlal
Ru
Sif Muna
Trog
Uskayaw
Vehumet
Wu Jian
Xom
Yredelemnul
Zin
The Shining One


Innate Abilities, Weirdness & Mutations

Your serpentine skin is tough. (AC +3)
You have supernaturally acute eyesight. (SInv)
Armour fits poorly on your strangely shaped body.
Your system is resistant to poisons. (rPois)
You cover ground very slowly.
You can spit poison.
You have a snake-like lower body.


Message History

The frozen ramparts melt away.
You start resting.
You have got your breath back.
You start resting.
Magic restored.
Your icy armour cracks and falls away as you move.
Things that are here:
a yak corpse; a yak corpse You now have 485 gold pieces (gained 6).
Found a hand axe.
A centaur comes into view.
The centaur shouts!
You hit the centaur. Lightning courses through the centaur!
You kill the centaur!
Cheibriados thoroughly appreciates the change of pace.
Unknown command.
a - a smoky red potion You open the door.
There is an open door here.
There is an open door here.
You open the huge gate.
A centaur warrior simulacrum and 2 centaur warrior skeletons come into view.
Found 486 gold pieces.
You barely miss the centaur warrior simulacrum.
The centaur warrior simulacrum hits you.
The centaur warrior simulacrum freezes you!!
The centaur warrior simulacrum kicks you but does no damage.
Unknown command.
You hit the centaur warrior simulacrum.
Lightning courses through the centaur warrior simulacrum!
The centaur warrior simulacrum is severely damaged.
The centaur warrior simulacrum hits you.
The centaur warrior simulacrum freezes you!!
The centaur warrior simulacrum kicks you.
The centaur warrior simulacrum freezes you!!
* * * LOW HITPOINT WARNING * * *
The centaur warrior simulacrum hits you.
* * * LOW HITPOINT WARNING * * *
The centaur warrior simulacrum freezes you!!
You die...

.#....##......+.##..........#
.#....##......#.##..........#
.)[)..####'####.##).........#
##.#..# #....#.##..........#
##.#..#######...............#
.)..........................#
..........##............#####
.......... #....#####...#
.......... #....@#/?#...#
........ #.....Z'$:#...#
..... #......'###...# .....
#.....ZZ$#....# .....
#......'###...# #......'.
##### #......#. #.....####


You could see a centaur warrior simulacrum and 2 centaur warrior skeletons.

Vanquished Creatures
  Snorg (D:10)
  Pikel (D:6)
  Maggie (D:6)
  Psyche (D:10)
  A troll (D:9)
  2 hornets (D:9)
  A shadow (D:9)
  18 yaks
  A wyvern (D:7)
  A steam dragon (D:9)
  2 acid dragons
  A water moccasin (D:9)
  6 orc warriors
  2 ice beasts
  2 black bears
  4 ogres (D:6)
  5 centaurs
  3 lemures (D:6)
  A phantom (D:4)
  2 kobold brigands (D:7)
  A bullfrog (D:7)
  A necrophage (D:6)
  5 scorpions
  3 wights (D:9)
  5 killer bees
  An electric eel (D:10)
  3 howler monkeys
  A crimson imp (D:4)
  10 orc priests
  5 hounds
  A gnoll bouda (D:10)
  2 jellies
  Crazy Yiuf (D:4)
  7 orc wizards
  4 gnolls (D:10)
  9 adders
  A white imp (D:8)
  3 worms (D:4)
  3 dart slugs
  40 orcs
  9 bats
  8 endoplasms
  7 goblins
  3 hobgoblins
  3 quokkas
  10 ball pythons
  5 frilled lizards
  21 kobolds
  7 rats
235 creatures vanquished.

Notes
Turn   | Place    | Note
-------+----------+-------------------------------------------
     0 | D:1      | Majang the Naga Ice Elementalist began the quest for the
                  | Orb.
     0 | D:1      | Reached XP level 1. HP: 15/15 MP: 3/3
     9 | D:1      | Learned a level 1 spell: Sandblast
   290 | D:1      | Reached XP level 2. HP: 22/22 MP: 5/5
   475 | D:1      | Reached skill level 1 in Unarmed Combat
   613 | D:1      | Learned a level 2 spell: Passwall
   778 | D:2      | Reached XP level 3. HP: 19/28 MP: 6/6
  1090 | D:2      | Reached skill level 1 in Transmutations
  1090 | D:2      | Reached skill level 1 in Earth Magic
  1331 | D:2      | Reached XP level 4. HP: 36/36 MP: 7/7
  1335 | D:2      | Learned a level 3 spell: Frozen Ramparts
  1344 | D:2      | Found a glowing golden altar of the Shining One.
  2212 | D:3      | Found a sacrificial altar of Ru.
  2276 | D:4      | Reached XP level 5. HP: 42/42 MP: 8/8
  2308 | D:4      | Found a hazy altar of Hepliaklqana.
  2412 | D:4      | Found a glowing drain.
  2465 | Sewer    | Entered a sewer
  3167 | D:4      | Reached XP level 6. HP: 49/49 MP: 10/10
  3171 | D:4      | Learned a level 3 spell: Ozocubu's Armour
  3219 | D:4      | Found a runed translucent door.
  3220 | D:4      | Noticed Crazy Yiuf
  3227 | D:4      | Killed Crazy Yiuf
  3348 | D:4      | Noticed a black bear
  3412 | D:4      | Killed a black bear
  3413 | D:4      | Reached XP level 7. HP: 47/55 MP: 11/11
  3632 | D:4      | Found a radiant altar of Vehumet.
  3633 | D:4      | Found a burning altar of Makhleb.
  3659 | D:5      | Entered Level 5 of the Dungeon
  3659 | D:5      | You fall into a shaft and drop 3 floors!
  3731 | D:8      | Reached skill level 5 in Ice Magic
  3772 | D:8      | Found an opulent altar of Gozag.
  4027 | D:7      | Found a staircase to the Ecumenical Temple.
  4033 | Temple   | Entered the Ecumenical Temple
  4059 | Temple   | Became a worshipper of Cheibriados the Contemplative
  4090 | D:7      | Reached XP level 8. HP: 62/62 MP: 13/13
  4202 | D:6      | Reached skill level 1 in Invocations
  4220 | D:5      | Reached skill level 1 in Fighting
  4227 | D:5      | Found an iron altar of Okawaru.
  4227 | D:5      | Found an ancient bone altar of Kikubaaqudgha.
  4237 | D:5      | Reached skill level 5 in Unarmed Combat
  4714 | D:4      | Got Kopnean's Octavo of the Barrage
  5010 | D:6      | Noticed Maggie
  5013 | D:6      | Reached skill level 5 in Transmutations
  5019 | D:6      | Noticed Pikel
  5024 | D:6      | Killed Maggie
  5024 | D:6      | Reached * piety under Cheibriados
  5025 | D:6      | Reached XP level 9. HP: 52/73 MP: 13/15
  5032 | D:6      | Killed Pikel
  5919 | D:8      | Reached ** piety under Cheibriados
  6336 | D:8      | Reached XP level 10. HP: 83/84 MP: 17/17
  6610 | D:9      | Paralysed by a hornet for 1 turns
  6644 | D:9      | Reached *** piety under Cheibriados
  6734 | D:9      | Reached skill level 5 in Spellcasting
  6853 | D:9      | Reached skill level 5 in Earth Magic
  6873 | D:9      | Reached **** piety under Cheibriados
  6946 | D:9      | Reached XP level 11. HP: 86/92 MP: 19/19
  7508 | D:9      | Upgraded the game from 0.29-a0-892-g2c4c91d9db to
                  | 0.29-a0-902-g0f71de6fce
  7541 | D:10     | Entered Level 10 of the Dungeon
  7541 | D:10     | Noticed Psyche
  7571 | D:10     | Killed Psyche
  7795 | D:10     | Noticed Snorg
  7814 | D:10     | Killed Snorg
  7815 | D:10     | Reached skill level 5 in Invocations
  7924 | D:10     | Learned a level 3 spell: Lesser Beckoning
  7926 | D:10     | Learned a level 1 spell: Apportation
  7983 | D:10     | Found a shadowy altar of Dithmenos.
  8120 | D:10     | HP: 3/93 [centaur warrior simulacrum (6)]
  8120 | D:10     | Demolished by a centaur warrior simulacrum

Illustrated notes

Levels and vault maps discovered:
D:1:      dpeg_arrival_tiny_a, layout_basic, basic_ecumenical_altar,
          minmay_misc_feat_iff
D:2:      layout_loops_ring, basic_altar
D:3:      layout_basic, lemuel_round_altar
D:4:      layout_rooms, grunt_temple_overflow_lords_of_destruction,
          mainiacjoe_overflow_brackets, cheibrodos_sewer_entry_bend,
          uniq_crazy_yiuf_cottage
D:5:      layout_cave_pools, nicolae_overflow_hidden_temple, enter_ossuary_2
D:6:      layout_basic, uniq_pikel, uniq_maggie
D:7:      layout_loops_ring, temple_green
D:8:      layout_loops_ring, mainiacjoe_overflow_tiny_flanked
D:9:      layout_layer_cave, minmay_starry_boxes
D:10:     layout_basic, nicolae_dithmenos_the_darkroom, hangedman_weighted_door,
          nicolae_water_bricks, uniq_snorg, uniq_psyche
Temple:   nicolae_temple_great_sept

Skill      XL: |  1  2  3  4  5  6  7  8  9 10 11 |
---------------+----------------------------------+-----
Unarmed Combat | 1 2 3 4 5 6 7 8 |  8.3
Transmutations | 1 2 3 4 5 6 7 8 |  8.2
Earth Magic    | 1 2 3 4 5 |  5.6
Spellcasting   | 3 4 5 |  5.7
Ice Magic      | 5 6 7 |  7.1
Invocations    | 2 3 4 5 |  5.1
Fighting       | 2 3 4 |  4.6
Dodging        | 2 3 4 |  4.3
Stealth        | |  3.0

Action                   |  1- 3 |  4- 6 |  7- 9 | 10-12 || total
-------------------------+-------+-------+-------+-------++-------
Melee: Unarmed           |     1 |    12 |       |       ||    13
       Quarterstaff      |       |     7 |    20 |       ||    27
       Demon blade       |       |     2 |    64 |    83 ||   149
       Punch             |       |       |     6 |     4 ||    10
 Cast: Freeze            |    33 |    13 |       |       ||    46
       Sandblast         |     5 |     6 |    27 |    25 ||    63
       Frozen Ramparts   |       |    24 |    30 |    25 ||    79
       Ozocubu's Armour  |       |     2 |     9 |    15 ||    26
Invok: Bend Time         |       |       |       |     1 ||     1
 Abil: Spit Poison       |    33 |    36 |    42 |    36 ||   147
Evoke: Wand              |       |       |       |     2 ||     2
  Use: Potion            |       |     8 |       |     1 ||     9
       Scroll            |       |     4 |    11 |       ||    15
 Stab: Sleeping          |       |       |       |     1 ||     1
Armor: Robe              |    20 |    15 |    64 |    42 ||   141
Dodge: Dodged            |    13 |    24 |    50 |    58 ||   145

Table legend: (Time is in decaauts)
 A = Elapsed time spent in this place.
 B = Non-inter-level travel time spent in this place.
 C = Inter-level travel time spent in this place.
 D = Time resting spent in this place.
 E = Time spent auto-exploring this place.
 F = Levels seen in this place.
 G = Mean time per level.
                   A        B        C        D        E       F      G
               +--------+--------+--------+--------+--------+-----+--------+
         Total |  12130 |  11670 |    460 |   1609 |   7149 |  12 | 1010.8 |
       Dungeon |  11358 |  10898 |    460 |   1403 |   6950 |  10 | 1135.8 |
        Temple |     76 |     76 |      0 |      0 |      0 |   1 |   76.0 |
         Sewer |    695 |    695 |      0 |    206 |    199 |   1 |  695.0 |
               +--------+--------+--------+--------+--------+-----+--------+

Top non-repeatable levels by time:
     D:9: 1796 daAuts
     D:8: 1448 daAuts
     D:4: 1300 daAuts
     D:2: 1163 daAuts
     D:7: 1160 daAuts
     D:5: 941 daAuts
    D:10: 932 daAuts
     D:1: 919 daAuts
     D:6: 896 daAuts
     D:3: 798 daAuts
   Sewer: 695 daAuts
  Temple: 76 daAuts
